Cogmind - Beta 16.1 @@@ ROGUE MODE // 2026.02.21 @ 00:20:26 Player: APerTAS Result: Destroyed by B-75 Beast with Heavy Plasma Cannon Performance ------------- Evolutions (3) 1500 Regions Visited (6) 1200 Robots Destroyed (1) 5 Value Destroyed (267) 267 Prototype IDs (1) 20 Alien Tech Used (0) 0 Bonus (834) 834 TOTAL SCORE: 3826 Bonus ------- Pacifist 834 Cogmind --------- Core Integrity 0/700 Matter 246/300 Energy 92/100 System Corruption 1% Temperature Hot (232) Movement Core (50) Location -7/Lower Caves Parts ------- > --- POWER (7) -------- (None) > --- PROPULSION (2) --- (None) > --- UTILITY (2) ------ (None) > --- WEAPON (2) ------- (None) > --- INVENTORY (5) ---- (None) Peak State ------------ > --- POWER ------------ (None) > --- PROPULSION ------- (None) > --- UTILITY ---------- (None) > --- WEAPON ----------- Shock Bomb Launcher > --- INVENTORY -------- (None) [Rating: 3] Favorites ----------- Power None Propulsion None Utility None Weapon Shock Bomb Launcher Launcher Shock Bomb Launcher Build | -11 -10 -9 -9 -8 -7 -7 ------- Run | Yrd Mat Mat Min Mat Fac Low Slots Evolved 6 | . . 2 . 2 2 . Power 6 | . . 2 . 2 2 . Propulsion . | . . . . . . . Utility . | . . . . . . . Weapon . | . . . . . . . Parts Attached 1 | . . . . . . 1 Power . | . . . . . . . Engine . | . . . . . . . Core . | . . . . . . . Reactor . | . . . . . . . Propulsion . | . . . . . . . Treads . | . . . . . . . Leg . | . . . . . . . Wheel . | . . . . . . . Hover . | . . . . . . . Flight . | . . . . . . . Utility . | . . . . . . . Device . | . . . . . . . Storage . | . . . . . . . Processor . | . . . . . . . Hackware . | . . . . . . . Protection . | . . . . . . . Artifact . | . . . . . . . Weapon 1 | . . . . . . 1 Energy Gun . | . . . . . . . Energy Cannon . | . . . . . . . Ballistic Gun . | . . . . . . . Ballistic Cannon . | . . . . . . . Launcher 1 | . . . . . . 1 Special Weapon . | . . . . . . . Impact Weapon . | . . . . . . . Slashing Weapon . | . . . . . . . Piercing Weapon . | . . . . . . . Special Melee Weapon . | . . . . . . . Unidentified Prototypes . | . . . . . . . Parts Lost 1 | . . . . . . 1 Power . | . . . . . . . Propulsion . | . . . . . . . Utility . | . . . . . . . Weapon 1 | . . . . . . 1 Highest Loss Streak 1 | . . . . . . 1 To Critical Strikes . | . . . . . . . Average Backups . | . . . . . . . Power . | . . . . . . . Propulsion . | . . . . . . . Utility . | . . . . . . . Weapon . | . . . . . . . Tool/Special . | . . . . . . . Unused Backups . | . . . . . . . Power . | . . . . . . . Propulsion . | . . . . . . . Utility . | . . . . . . . Weapon . | . . . . . . . Tool/Special . | . . . . . . . Average Slot Usage (%) . | . . . . . . . Peak Build Rating 3 | . . . . . . 3 Average Rating . | . . . . . . . On Entrance . | . . . . . . . Avg Prop Armor Cover (%) . | . . . . . . . Naked Turns 396 | . 45 46 29 63 137 76 Heaviest Build . | . . . . . . . Greatest Support 3 | 3 3 3 3 3 3 3 Greatest Overweight (x) . | . . . . . . . Average Overweight (x) . | . . . . . . . Largest Inventory Capacity 5 | 5 5 5 5 5 5 5 Average Capacity 5 | 5 5 5 5 5 5 5 Most Carried . | . . . . . . . Average Carried . | . . . . . . . Final Capacity 5 | 5 5 5 5 5 5 5 Final Carried . | . . . . . . . Class Distribution -------------------- 100% | Mutant Dominant Class ---------------- Mutant | -10/Materials Mutant | -9/Materials Mutant | -9/Mines Mutant | -8/Materials Mutant | -7/Factory Mutant | -7/Lower Caves Resources | -11 -10 -9 -9 -8 -7 -7 ----------- Run | Yrd Mat Mat Min Mat Fac Low Matter Collected 134 | 64 . . . . . 70 Remotely . | . . . . . . . Salvage Created 25 | . . . . . . 25 Parts . | . . . . . . . Haulers Intercepted . | . . . . . . . Recyclers Shooed . | . . . . . . . Parts Field Recycled . | . . . . . . . Retrieved Matter . | . . . . . . . Parts Self-Destructed 2 | . . . . . . 2 Prevented . | . . . . . . . Parts Restored . | . . . . . . . Kills | -11 -10 -9 -9 -8 -7 -7 ------- Run | Yrd Mat Mat Min Mat Fac Low Combat Hostiles Destroyed 1 | . . . . . . 1 AOE 1 | . . . . . . 1 Classes Destroyed 1 | . . . . . . 1 Swarmer 1 | . . . . . . 1 Best Kill Streak 1 | . . . . . . 1 Combat Bots Only 1 | . . . . . . 1 Max Kills in Single Turn 1 | . . . . . . 1 Gunslinging . | . . . . . . . Exploded 1 | . . . . . . 1 Melee . | . . . . . . . Uniques/NPCs Destroyed . | . . . . . . . Combat | -11 -10 -9 -9 -8 -7 -7 -------- Run | Yrd Mat Mat Min Mat Fac Low Hostile Shots Fired 217 | . 24 16 . 54 81 42 Missed 98 | . 10 5 . 29 38 16 Hits 119 | . 14 11 . 25 43 26 Projectile 119 | . 14 11 . 25 43 26 Critical Strikes 4 | . . 2 . . . 2 Damage Taken 1439 | . 145 154 2 341 334 463 Core 1371 | . 145 154 2 341 334 395 Absorbed by Shields . | . . . . . . . Core Remaining (%) 60 | 100 42 . 61 38 . . Volleys Fired 1 | . . . . . . 1 Largest 1 | . . . . . . 1 Hottest 36 | . . . . . . 36 Shots Fired 1 | . . . . . . 1 Gun . | . . . . . . . Cannon . | . . . . . . . Launcher 1 | . . . . . . 1 Special . | . . . . . . . Kinetic . | . . . . . . . Thermal . | . . . . . . . Explosive . | . . . . . . . Electromagnetic 1 | . . . . . . 1 Robot Hit Streak . | . . . . . . . Robot Miss Streak 1 | . . . . . . 1 Penetration Max . | . . . . . . . Secondary Targets . | . . . . . . . Shots Hit Robots . | . . . . . . . Core Hits 3 | . . . 1 . . 2 Critical Kills . | . . . . . . . Critical Parts Destroyed . | . . . . . . . Critical Strikes . | . . . . . . . Melee Attacks . | . . . . . . . Impact . | . . . . . . . Slashing . | . . . . . . . Piercing . | . . . . . . . Sneak Attacks . | . . . . . . . Combat Hostiles . | . . . . . . . Follow-up Attacks . | . . . . . . . Damage Inflicted 82 | . 9 . 5 7 . 61 Guns . | . . . . . . . Cannons . | . . . . . . . Explosions 61 | . . . . . . 61 Melee . | . . . . . . . Ramming 21 | . 9 . 5 7 . . Kinetic . | . . . . . . . Thermal . | . . . . . . . Explosive . | . . . . . . . Electromagnetic 61 | . . . . . . 61 Impact . | . . . . . . . Slashing . | . . . . . . . Piercing . | . . . . . . . Highest Corruption 1 | . . . . . . 1 Average Corruption 1 | . . . . . . 1 Corruption Purged . | . . . . . . . Corruption Blocked . | . . . . . . . Overload Shots . | . . . . . . . Overflow Damage . | . . . . . . . Projectiles . | . . . . . . . Explosions . | . . . . . . . Melee . | . . . . . . . Knockbacks . | . . . . . . . Impact . | . . . . . . . Kinetic . | . . . . . . . Secondary . | . . . . . . . Self-Inflicted Damage 30 | . 4 . 2 3 . 21 Shots 1 | . . . . . . 1 Rammed 7 | . 2 . 2 3 . . Targets Rammed 7 | . 2 . 2 3 . . Kicked . | . . . . . . . Crushed . | . . . . . . . Highest Temperature 288 | . . . . . . 288 Average Temperature 254 | . . . . . . 254 Received Heat Transfer 739 | . 48 81 . 126 114 370 Siege Activations . | . . . . . . . Martial Activations . | . . . . . . . Shielding Activations . | . . . . . . . Robots Disrupted . | . . . . . . . Combat Hostiles . | . . . . . . . Robots Corrupted . | . . . . . . . Combat Hostiles . | . . . . . . . Parts Fried . | . . . . . . . Impact Corruptions . | . . . . . . . Robots Melted . | . . . . . . . Combat Hostiles . | . . . . . . . Parts Melted . | . . . . . . . Heat Transferred . | . . . . . . . Parts Sabotaged . | . . . . . . . Parts Stolen . | . . . . . . . Parts Stripped . | . . . . . . . Power Chain Reactions . | . . . . . . . Alert | -11 -10 -9 -9 -8 -7 -7 ------- Run | Yrd Mat Mat Min Mat Fac Low Maximum Alert Level . | . . . . . . . Low Security (%) 100 | 100 100 100 100 100 100 . Level 1 . | . . . . . . . Level 2 . | . . . . . . . Level 3 . | . . . . . . . Level 4 . | . . . . . . . Level 5 . | . . . . . . . High Security . | . . . . . . . Max Security . | . . . . . . . Peak Influence 102 | . 50 102 35 74 70 . Initial 35 | . . 12 35 9 28 . Average 37 | . 38 65 31 44 28 . Influence Increases 455 | . 50 100 . 85 80 140 Destroy 0b10 Robot/C 20 | . . . . . . 20 Successful Hack 5 | . . . . 5 . . Select Force Hacks 310 | . 50 100 . 80 80 . Lose Combat Pursuer 120 | . . . . . . 120 Influence Decreases 328 | . 20 38 67 46 84 73 Entered New Map 150 | . . 18 57 16 36 23 Time Decay 168 | . 20 20 10 30 48 40 Lost Part 10 | . . . . . . 10 Squads Dispatched 18 | . 4 2 . 6 6 . Investigation 15 | . 3 2 . 5 5 . Extermination 1 | . . . . . 1 . Reinforcement 2 | . 1 . . 1 . . Assault . | . . . . . . . Garrison . | . . . . . . . Intercept . | . . . . . . . Searches Triggered . | . . . . . . . Construction Impeded . | . . . . . . . Haulers Reinforced . | . . . . . . . Active Scanning Responses . | . . . . . . . Cargo Convoy Interrupts . | . . . . . . . Stealth | -11 -10 -9 -9 -8 -7 -7 --------- Run | Yrd Mat Mat Min Mat Fac Low Distress Signals 5 | . 1 . . 4 . . Communications Jammed . | . . . . . . . Distress Signals . | . . . . . . . Times Spotted 49 | . 10 2 . 20 3 14 Peak Tracking Total 19 | . 9 2 . 19 3 9 Tactical Retreats 3 | . . . . . . 3 Traps | -11 -10 -9 -9 -8 -7 -7 ------- Run | Yrd Mat Mat Min Mat Fac Low Traps Triggered . | . . . . . . . Indirectly . | . . . . . . . Trap Hack Attempts . | . . . . . . . Triggered . | . . . . . . . Disarmed . | . . . . . . . Reprogrammed . | . . . . . . . Reused . | . . . . . . . Traps Extracted . | . . . . . . . Installed . | . . . . . . . Triggered . | . . . . . . . Machines | -11 -10 -9 -9 -8 -7 -7 ---------- Run | Yrd Mat Mat Min Mat Fac Low Machines Disabled . | . . . . . . . Max in Single Turn . | . . . . . . . Machines Repaired . | . . . . . . . Machines Dismantled . | . . . . . . . Machines Sabotaged 4 | . 1 2 . 1 . . Overloaded Fab Kills . | . . . . . . . Hacking | -11 -10 -9 -9 -8 -7 -7 --------- Run | Yrd Mat Mat Min Mat Fac Low Machines Accessed 15 | . 3 2 . 5 5 . Terminals 9 | . 3 2 . 2 2 . Fabricators 1 | . . . . . 1 . Repair Stations 1 | . . . . 1 . . Recycling Units 2 | . . . . 1 1 . Scanalyzers 2 | . . . . 1 1 . Garrison Access . | . . . . . . . Total Hacks 27 | . 4 3 . 9 11 . Successful 14 | . 3 2 . 5 4 . Failed 13 | . 1 1 . 4 7 . Catastrophic 1 | . . . . . 1 . Database Lockouts . | . . . . . . . Manual 28 | . 4 3 . 10 11 . Terminals 14 | . 4 3 . 2 5 . Fabricators 2 | . . . . . 2 . Repair Stations 1 | . . . . 1 . . Recycling Units 4 | . . . . 2 2 . Scanalyzers 6 | . . . . 4 2 . Garrison Access . | . . . . . . . Terminal Hacks . | . . . . . . . Fabricator Hacks . | . . . . . . . Repair Station Hacks . | . . . . . . . Recycling Unit Hacks . | . . . . . . . Scanalyzer . | . . . . . . . Garrison Access Hacks . | . . . . . . . Unauthorized Hacks 14 | . 3 2 . 5 4 . Terminals 8 | . 3 2 . 2 1 . Sabotage 8 | . 3 2 . 2 1 . Fabricators 1 | . . . . . 1 . Download 1 | . . . . . 1 . Repair Stations 1 | . . . . 1 . . Patch 1 | . . . . 1 . . Recycling Units 2 | . . . . 1 1 . Tunnel 2 | . . . . 1 1 . Scanalyzers 2 | . . . . 1 1 . Researchers 1 | . . . . 1 . . Extract 1 | . . . . . 1 . Garrison Access . | . . . . . . . Data Cores Recovered . | . . . . . . . Used . | . . . . . . . Hacking Detections 5 | . . . . 2 3 . Full Trace Events 2 | . . . . 1 1 . Feedback Events . | . . . . . . . Feedback Blocked . | . . . . . . . Robot Schematics Acquired . | . . . . . . . Robots Built . | . . . . . . . Authchips . | . . . . . . . Time . | . . . . . . . Total Robot Build Rating . | . . . . . . . Part Schematics Acquired 3 | . . . . . 3 . Parts Built . | . . . . . . . Authchips . | . . . . . . . Time . | . . . . . . . Total Part Build Rating . | . . . . . . . Part Studies Acquired . | . . . . . . . Parts Repaired . | . . . . . . . Time . | . . . . . . . Parts Recycled . | . . . . . . . Recycled Matter . | . . . . . . . Retrieved Matter . | . . . . . . . Retrieved Components . | . . . . . . . Parts Scanalyzed . | . . . . . . . Part Schematics Acquired . | . . . . . . . Parts Damaged . | . . . . . . . Bothacking | -11 -10 -9 -9 -8 -7 -7 ------------ Run | Yrd Mat Mat Min Mat Fac Low Used RIF Installer . | . . . . . . . Robots Hacked . | . . . . . . . Non-combat . | . . . . . . . Combat . | . . . . . . . Robot Hacks Applied . | . . . . . . . Relay Couplers Released . | . . . . . . . Fabnet Peak Effective % . | . . . . . . . Robots Rewired . | . . . . . . . Allies Hacked . | . . . . . . . Hacks Repelled . | . . . . . . . Allies | -11 -10 -9 -9 -8 -7 -7 -------- Run | Yrd Mat Mat Min Mat Fac Low Total Allies . | . . . . . . . Largest Group . | . . . . . . . Highest-Rated Group . | . . . . . . . Highest-Rated Ally . | . . . . . . . Total Orders . | . . . . . . . Ally Attacks . | . . . . . . . Total Damage . | . . . . . . . Kills . | . . . . . . . Allies Corrupted . | . . . . . . . Allies Melted . | . . . . . . . Intel | -11 -10 -9 -9 -8 -7 -7 ------- Run | Yrd Mat Mat Min Mat Fac Low Active Infowar (turns) . | . . . . . . . Robot Analysis Total . | . . . . . . . Derelict Logs Recovered 1 | . . . . . . 1 Drone Launches . | . . . . . . . Drone Recoveries . | . . . . . . . Exploration | -11 -10 -9 -9 -8 -7 -7 ------------- Run | Yrd Mat Mat Min Mat Fac Low Turns Passed 412 | 9 45 46 29 63 137 83 Spaces Moved 786 | 19 86 92 49 120 273 147 Core 786 | 19 86 92 49 120 273 147 Treads . | . . . . . . . Legs . | . . . . . . . Wheels . | . . . . . . . Hover . | . . . . . . . Flight . | . . . . . . . Fastest Speed 50 | 50 50 50 50 50 50 50 Average Speed 50 | 50 50 50 50 50 50 50 Slowest Speed 50 | 50 50 50 50 50 50 50 Overloaded Moves . | . . . . . . . Propulsion Burnouts . | . . . . . . . Robots Hopped . | . . . . . . . Potential Cave-ins . | . . . . . . . Cave-ins Triggered . | . . . . . . . Exploration Rate (%) 18 | 3 23 12 25 23 13 29 Regions Visited 6 Branch Regions 2 Pre-discovered Areas 3 | . . . . 1 1 1 Known Exits Taken . | . . . . . . . Unknown Exits Taken 6 | 1 1 1 1 1 1 . Scrap Searched 2 | . . . . . . 2 Spaces Dug . | . . . . . . . Terrain Destroyed . | . . . . . . . Melee . | . . . . . . . Projectile . | . . . . . . . AOE . | . . . . . . . Terrain Rammed . | . . . . . . . Walls Destroyed . | . . . . . . . Machines Disabled . | . . . . . . . Actions | -11 -10 -9 -9 -8 -7 -7 --------- Run | Yrd Mat Mat Min Mat Fac Low Total 797 | 18 87 91 52 122 272 155 Wait 7 | . . . 2 . . 5 Move 780 | 18 85 91 48 119 272 147 Hop . | . . . . . . . Pick Up . | . . . . . . . Fast Attach 1 | . . . . . . 1 Attach . | . . . . . . . Detach . | . . . . . . . Swap . | . . . . . . . Drop . | . . . . . . . Fire 1 | . . . . . . 1 Melee . | . . . . . . . Ram 7 | . 2 . 2 3 . . Kick . | . . . . . . . Crush . | . . . . . . . Escape Stasis . | . . . . . . . Rewire 1 | . . . . . . 1 Trap . | . . . . . . . Miscellaneous . | . . . . . . . Route ------- -11/Scrapyard -10/Materials -9/Materials -9/Mines -8/Materials -7/Factory -7/Lower Caves History --------- Turn | Location | Event 3 | -11/Scrapyard | Discovered new exit (range 15) 10 | -11/Scrapyard | Entered Materials 54 | -10/Materials | Core integrity fell below 50% 54 | -10/Materials | Discovered new exit (range 4) 55 | -10/Materials | Entered another Materials area 55 | -9/Materials | Evolved 2 slots: Power x2 78 | -9/Materials | Discovered new exit (range 16) 101 | -9/Materials | Entered Mines 127 | -9/Mines | Discovered new exit (range 4) 130 | -9/Mines | Entered Materials 130 | -8/Materials | Evolved 2 slots: Power x2 188 | -8/Materials | Discovered new exit (range 12) 193 | -8/Materials | Core integrity fell below 50% 193 | -8/Materials | Entered Factory 193 | -7/Factory | Evolved 2 slots: Power x2 305 | -7/Factory | Build established: Mutant 315 | -7/Factory | Discovered new exit (range 9) 330 | -7/Factory | Entered Lower Caves 359 | -7/Lower Caves | Attracted the attention of an 0b10 outpost 359 | -7/Lower Caves | Core integrity fell below 50% 399 | -7/Lower Caves | Core integrity fell below 20% 409 | -7/Lower Caves | Learned location of Zion (-7) 409 | -7/Lower Caves | Spotted B-75 Beast 413 | -7/Lower Caves | Destroyed by B-75 Beast with Heavy Plasma Cannon Last Messages --------------- 00361_ Found Imp. Shield Generator. 00361_ Found Mak. Leg. 00361_ Found Rocket Launcher. 00361_ Found Enh. Flamer. 00361_ Found 70 Matter. 00362_ Acquired 70 matter. 00363_ Y-64 Sentinel: "REQUESTING BACKUP." 00392_ Searching scrap... 00392_ Found Recoil Stabilizer. 00392_ Found Shock Bomb Launcher. 00392_ Found Armor Integrity Analyzer. 00392_ Found Kinecellerator. 00392_ Found Authchip [R/Combat]. 00392_ Found 36 Matter. 00394_ Acquired Shock Bomb Launcher. 00395_ S-27 Virus destroyed. 00401_ Shock Bomb Launcher destroyed. 00409_ Acquired derelict log, extracted data. World map updated: -7/Zion. 00410_ Critical hit (Meltdown: +310). Map ----- +----------------------------------------------------+ | ?????????????????????????????????????????????????? | | ???????????????????????????????????????????????### | | ???????????????????????????????????????????????# | | ???????????????????????????????????????????????# | | ???????????????????????????????????????????????## | | ????????????????????????????????????????????????## | | ?????????????????????????????????????????????????? | | ?????????????????????????????????????????????????? | | ???????????????????????????????????????# ####### | | ????????????????????????????????????????# | | ???????????????????????????????????????## | | ??????????????????????????????????????## ###### | | ??????????????????????????????????????# ???????# | | ??????????????????????????????????????# ??????? | | ??????????????????????????????#####???# #?????? | | ???????????????????????????#### ?##### ##?### | | ??????????????????????????## ?? ## ## | | ?????????????????????????## ### # ## | | ????????????????????????## s # ##### | | ???????????????????????## s % # #???## | | ?????????????????####### ## # #????## | | ?????????????????# ## #?????# | | ??????????????????# BB ### ######## | | ??????????????????# BB #?# ##?# ! == # | | ??????????????????# #?# #??#!%!%% # | | ??????????????????# @ #?# ####!##[## # | | ????????????????# ### #?# ## #### | | ???????????????# ##?## ######## ## #??? | | ???????????????## #????### #????# #??? | | ????????????????## ???????? #??? #??? | | ?????????????????#### ????????? ?? ##??? | | ????????????????????## ????????? ? #???? | | ?????????????????????#?????????? ## #? #???? | | ????????????????????????????????###?##########???? | | ?????????????????????????????????????????????????? | | ?????????????????????????????????????????????????? | | ?????????????????????????????????????????????????? | | ?????????????????????????????????????????????????? | | ?????????????????????????????????????????????????? | | ?????????????????????????????????????????????????? | | ?????????????????????????????????????????????????? | | ?????????????????????????????????????????????????? | | ?????????????????????????????????????????????????? | | ?????????????????????????????????????????????????? | | ?????????????????????????????????????????????????? | | ?????????????????????????????????????????????????? | | ?????????????????????????????????????????????????? | | ?????????????????????????????????????????????????? | | ?????????????????????????????????????????????????? | | | +----------------------------------------------------+ Best States ------------- Heat Dissipation 34 Energy Generation 5 Energy Capacity 100 Matter Stores 256 Matter Capacity 300 Sight Range 16 Terrain Scan Density 10 Evasion (%) 50 Item Schematics ----------------- Kinecellerator | -7/Factory | Extracted Imp. VTOL Module | -7/Factory | Extracted Imp. Point Defense System | -7/Factory | Downloaded Robot Schematics ------------------ None Fabricated ------------ Nothing Repaired ---------- Nothing Studied --------- None Alien Tech Used ----------------- None Achievements -------------- None Challenges ------------ None Game ------ Seed BiocellPlexusMultirail Manual? 0 Play Time 00:07:31 Cumulative 58.0 hours Start 2026.02.21 @ 00:13:51 End 2026.02.21 @ 00:20:26 Sessions 1 Manual Loads 0 Difficulty Rogue Special Mode None Game No. 183 Rogue 183 Adventurer 0 Explorer 0 Win Type - Total 0 Types 0/0/0/0/0/0/0/0/0/0 Lore% 62 Gallery% 36 Achievement% 33 Wizard Run 0 Options --------- Layout 0 ASCII 0 Keyboard 0 Movement Arrows Keybinds 0 Fullscreen 1 Font 24/Terminus Map View 64x52 Zoom Use 0% Tactical HUD 1 Map Filters NONE Filters NONE Steam 1 RUN: 850cbe94-8699-4622-aa68-6705ccd5a6e3